 Dungeon Crawl Stone Soup version 0.21.1-1-g345015f (webtiles) character file.

317 inc the Caller (level 6, 12/24 HPs)
             Began as a Felid Wizard on Feb 27, 2018.
             Quit the game on level 4 of the Dungeon.
             The game lasted 00:13:12 (6473 turns).

inc the Caller (Felid Wizard)                       Turns: 6473, Time: 00:13:13

Health: 12/24      AC:  2    Str:  3    XL:     6   Next: 20%
Magic:  11/11      EV: 17    Int: 22    God:
Gold:   149        SH:  2    Dex: 14    Spells: 5/11 levels left
                                        Lives:  1   Deaths: 1

rFire    x . .     SeeInvis +   (weapon unavailable)
rCold    + . .     Gourm    .   (shield unavailable)
rNeg     . . .     Faith    .   (armour unavailable)
rPois    .         Spirit   .   (helmet unavailable)
rElec    .         Reflect  +   (cloak unavailable)
rCorr    .         Harm     .   (gloves unavailable)
MR       .....                  (boots unavailable)
Stlth    +++.......             n - +2 amulet of reflection
HPRegen  0.08/turn              l - ring of ice
MPRegen  0.12/turn              (no ring)

@: quick
A: very small, no armour, no weapons or thrown items, stealth, claws 1, fangs 3,
see invisible, carnivore, speed 1, shaggy fur 2, slow metabolism 1, sharp paws
a: no special abilities


You were on level 4 of the Dungeon.
You were not hungry.

You visited 1 branch of the dungeon, and saw 6 of its levels.

You collected 149 gold pieces.

Inventory:

Jewellery
 l - a ring of ice (left paw)
 n - a +2 amulet of reflection (around neck)
 r - an uncursed ring of loudness
Wands
 g - a wand of iceblast (6)
Scrolls
 c - a scroll of amnesia {unknown}
 d - a scroll of immolation {unknown}
 e - a scroll of teleportation
 f - 2 scrolls of fear {unknown}
 i - a scroll of remove curse
 k - 2 scrolls of blinking
Potions
 h - a potion of resistance
 j - 2 potions of flight
 m - a potion of magic
 o - a potion of haste
 p - a potion of brilliance
 q - a potion of lignification
Books
 a - a book of Minor Magic

   Spells                             Type                      Level
   a - Magic Dart                     Conjuration                  1
   b - Blink                          Translocation                2
   c - Call Imp                       Summoning                    2
   d - Slow                           Hexes                        2
   e - Conjure Flame                  Conjuration/Fire             3
   f - Mephitic Cloud                 Conjuration/Poison/Air       3
Comestibles
 b - 12 rations


   Skills:
 - Level 2.6 Dodging
 - Level 2.6 Stealth
 - Level 3.0 Spellcasting
 + Level 4.2 Conjurations
 - Level 6.1 Summonings
   Level 1.5 Translocations


You had 5 spell levels left.
You knew the following spells:

 Your Spells              Type           Power        Failure   Level  Hunger
a - Magic Dart            Conj           ###.         2%          1    None
b - Call Imp              Summ           ####....     1%          2    ##.....
c - Mephitic Cloud        Conj/Pois/Air  #.......     21%         3    ###....


Dungeon Overview and Level Annotations

Branches:
Dungeon (6/15)
 Temple: D:4-7

Altars:
Qazlal

Annotations:
D:4 Natasha; homeworkjunkie's ghost, novice HOFi


Innate Abilities, Weirdness & Mutations

You cannot wear armour.
You are incapable of wielding weapons or throwing items.
Your paws allow you to move quietly. (Stealth)
You have sharp claws.
You have razor-sharp teeth.
You have supernaturally acute eyesight. (SInv)
You are carnivorous and can eat meat at any time.
You cover ground quickly.
You are covered in thick fur. (AC +2)
You have a slow metabolism.
Your sharp claws are effective at attacking unaware monsters.


Message History

There is a transporter here.
You enter the transporter and appear at another place.
The ice beast closely misses you.
Really walk into a travel-excluded area?
Uppercase [Y]es or [N]o only, please.
Really walk into a travel-excluded area?
There is an open gate here.
Found a forked bone wand.
Really walk into that cloud of freezing vapour?
You are engulfed in freezing vapours.
Ouch! That really hurt!
You see here an ivory ring.
l - an ivory ring
There is a transporter here.
You enter the transporter and appear at another place.
You see here 12 poisoned needles.
Put on which piece of jewellery? (? for menu, Esc to quit)
You feel more attuned to ice.
l - a ring of ice (left paw) Are you sure you want to abandon this character and quit the game? (Confirm with "yes".)

### ###########....[<## ...
#........#........# ...#
#.................. ....##
#.................. .....##
#.................. ../...######
#.................. ....©......#
#.............<)..(
##########.####..##.####........#
...!©%§§§#...Y(.@...............#
§§§$.Y§§§#.......##...#......((..
§§....§§§#........!.....W........
§§§§§§.§.###..#####...#..........
.§§§§.§§§# ##.## #...#..........
###'''#### #...## #####..........
#§§...§§# ##÷#..########........#
#.§#.#§§# #...#.#..............##
#.§.÷.§.###...#..........#######


You could see an ice beast.

Vanquished Creatures
  2 ogres
  A bullfrog (D:6)
  2 orc priests
  9 adders
  4 gnolls (D:3)
  A river rat (D:5)
  A shadow imp (D:5)
  An ooze (D:2)
  4 worms
  A dart slug (D:2)
  4 leopard geckos
  6 orcs
  4 giant cockroaches
  5 goblins
  4 hobgoblins
  5 quokkas
  8 bats
  A frilled lizard (D:4)
  3 kobolds
  2 leopard gecko skeletons (D:4)
  A leopard gecko zombie (D:5)
  11 rats
80 creatures vanquished.

Vanquished Creatures (collateral kills)
  A bullfrog (D:6)
  An orc priest (D:5)
  A worker ant (D:6)
  2 adders (D:5)
  A river rat (D:5)
  A worm (D:5)
  2 orcs
  A giant cockroach (D:4)
  A rat (D:5)
11 creatures vanquished.

Grand Total: 91 creatures vanquished

Notes
Turn   | Place    | Note
-------+----------+-------------------------------------------
     0 | D:1      | inc the Felid Wizard began the quest for the Orb.
     0 | D:1      | Reached XP level 1. HP: 7/7 MP: 5/5
    40 | D:1      | Reached skill level 1 in Conjurations
   705 | D:2      | Reached XP level 2. HP: 11/11 MP: 1/7
  1102 | D:2      | Noticed an ogre
  1169 | D:2      | Killed an ogre
  1169 | D:2      | Reached XP level 3. HP: 14/14 MP: 0/8
  1169 | D:2      | Reached XP level 4. HP: 18/18 MP: 0/9
  1204 | D:2      | Learned a level 2 spell: Call Imp
  1208 | D:2      | Learned a level 3 spell: Mephitic Cloud
  2212 | D:3      | Reached skill level 2 in Summonings
  2212 | D:3      | Reached XP level 5. HP: 21/21 MP: 0/10
  2755 | D:3      | Found a stormy altar of Qazlal.
  2794 | D:4      | Noticed homeworkjunkie's ghost (novice HOFi)
  2941 | D:3      | Reached skill level 3 in Summonings
  3678 | D:4      | Noticed Natasha
  3683 | D:5      | Entered Level 5 of the Dungeon
  3840 | D:5      | Noticed a sky beast
  3881 | D:6      | HP: 1/21 [bullfrog (1)]
  3895 | D:6      | Reached skill level 4 in Summonings
  3895 | D:6      | Gained mutation: You are covered in thick fur. (AC +2) [Felid growth]
  3895 | D:6      | Reached XP level 6. HP: 7/24 MP: 1/11
  4209 | D:6      | Reached skill level 5 in Summonings
  5132 | D:5      | Reached skill level 6 in Summonings
  5132 | D:5      | Reached XP level 7. HP: 27/27 MP: 3/12
  6096 | D:4      | Found a transporter.
  6335 | D:4      | Found a transporter.
  6342 | D:4      | HP: 1/27 [ice beast (14)]
  6347 | D:4      | Slain by an ice beast
  6348 | D:4      | Reached XP level 6. HP: -2/24 MP: 1/11
  6473 | D:4      | Quit the game

Skill      XL: |  1  2  3  4  5  6 |
---------------+-------------------+-----
Conjurations   | 1 4 |  4.2
Summonings     | 2 4 6 |  6.1
Dodging        | |  2.6
Stealth        | |  2.6
Spellcasting   | |  3.0
Translocations | |  1.5

Action                   |  1- 3 |  4- 6 |  7- 9 || total
-------------------------+-------+-------+-------++-------
Melee: Unarmed           |    12 |    10 |     1 ||    23
 Cast: Magic Dart        |    48 |   195 |    34 ||   277
       Call Imp          |       |    17 |    13 ||    30
  Use: Potion            |       |     4 |       ||     4
       Scroll            |       |    10 |       ||    10
  Eat: Chunk             |       |     7 |     3 ||    10
Armor: Skin              |     8 |     9 |     2 ||    19
Dodge: Dodged            |    54 |    57 |    18 ||   129
Block: Other             |       |     6 |     3 ||     9
       Reflection        |       |     1 |       ||     1
